[Event "1000GM Schev-G2 March 2024"]
[Site "Santa Clara"]
[Date "2024.03.10"]
[Round "4.3"]
[White "Chiang, Jacob"]
[Black "Alarcon Bahamondez, Roberto Ignacio"]
[Result "1-0"]
[ECO "A17"]
[WhiteElo "2154"]
[BlackElo "2335"]
[Annotator "TA"]
[PlyCount "65"]
[EventDate "2024.03.06"]
[EventType "schev"]
[EventCountry "USA"]
[SourceTitle "playchess.com"]
[Source "ChessBase"]
[SourceQuality "1"]
[TimeControl "5400+30"]

1. c4 e6 2. Nc3 c5 3. Nf3 Nf6 4. e3 d5 5. cxd5 exd5 6. d4 c4 7. Be2 Bb4 8. O-O {[%emt 0:01:10] The position is equal.} O-O 9. Bd2 Nc6 10. b3 Bxc3 11. Bxc3 b5 12. bxc4 Ne4 13. Be1 bxc4 14. Ne5 Qc7 15. f3 Nf6 (15... Nd6 $5) 16. Bc3 Re8 17. Qd2 Ba6 (17... Bf5 $11 {should be considered.}) 18. Bd1 $14 Nxe5 19. dxe5 Rxe5 20. Bxe5 Qxe5 21. Qd4 Qc7 (21... Qxd4 $142 22. exd4 Ne8) 22. Bc2 Re8 23. Rab1 h5 24. Rfe1 {[%emt 0:00:00] White is more active.} Bc8 25. Rb5 {[%emt 0:00:00] Prevents Qa5} Bd7 26. Rc5 Qb6 27. Rb1 {[%emt 0:00:00] Inhibits Qb4.} Qa6 28. a4 h4 (28... Qe6 $142 29. e4 Bc6 30. exd5 Bxd5) 29. Rc7 $18 (29. Qxh4 Rxe3 30. Qd4 Re2 $16) 29... h3 30. g3 (30. Qxa7 Qd6 $11) (30. Rxa7 $142 Qd6 31. Rb6) 30... Ra8 $2 {[%emt 0:03:17] [#]} (30... Qe6 31. g4 (31. Rxa7 Qxe3+ 32. Qxe3 Rxe3 $18) (31. Qxa7 Qe5 $11) 31... Qd6 (31... Qxe3+ $2 32. Qxe3 Rxe3 33. g5 $18) 32. Rxa7 (32. Qxa7 $2 Qe5 $19) 32... Nh7) 31. Rxd7 $1 Nxd7 32. Qxd5 Nb8 (32... Qc8 $18 33. Rb7 Qe8 (33... Ne5 $2 34. Re7 $18) 34. Rxd7 Qxe3+ 35. Kf1 Rf8) 33. Qxa8 {[%emt 0:00:00] Weighted Error Value: White=0.13 (very precise) /Black=0.57.  Mistake:       	White=1     	Black=5      Inaccurate:     	White=1     	Black=1      OK:         	White=14    	Black=6      Best:        	White=1     	---} 1-0

[Event "1000GM Schev-G2 March 2024"]
[Site "Santa Clara"]
[Date "2024.03.10"]
[Round "4.4"]
[White "Iinuma, Paul Y"]
[Black "Filgueiras, Nathan Felipe"]
[Result "1-0"]
[ECO "E32"]
[WhiteElo "2141"]
[BlackElo "2316"]
[Annotator "RC"]
[PlyCount "103"]
[EventDate "2024.03.06"]
[EventType "schev"]
[EventCountry "USA"]
[SourceTitle "playchess.com"]
[Source "ChessBase"]
[SourceQuality "1"]
[TimeControl "5400+30"]

1. d4 Nf6 2. c4 e6 3. Nc3 Bb4 4. Qc2 O-O 5. e4 d5 6. e5 Ne4 7. Bd3 c5 8. Nge2 cxd4 9. Nxd4 Nd7 10. Bf4 Ndc5 11. O-O Bxc3 12. bxc3 b6 13. Be2 h6 14. f3 Ng5 15. Rad1 Qe7 16. Nc6 Qb7 17. cxd5 exd5 18. Nb4 Rd8 19. c4 Be6 20. Bxg5 hxg5 21. f4 Rac8 22. f5 Bd7 23. Nxd5 Ba4 24. Qc1 Bxd1 25. Rxd1 Re8 26. Qxg5 Rxe5 27. Bf3 Qb8 28. Nf6+ Kf8 29. Nh7+ Kg8 30. Nf6+ Kf8 31. Nh5 Ne6 32. Qg4 g6 33. Nf6 Rd8 34. fxe6 Rxd1+ 35. Bxd1 Re1+ 36. Kf2 Rxd1 37. Qxd1 Qf4+ 38. Qf3 Qd4+ 39. Kg3 Qe5+ 40. Qf4 Qe1+ 41. Kh3 Qxe6+ 42. g4 b5 43. c5 Qxa2 44. c6 Qb3+ 45. Kh4 Qc3 46. c7 Kg7 47. Ne8+ Kg8 48. Nf6+ Kg7 49. g5 b4 50. Ng4 Kf8 51. Qe5 Qc1 52. c8=Q+ 1-0

[Event "1000GM Schev-G2 March 2024"]
[Site "Santa Clara"]
[Date "2024.03.10"]
[Round "4.5"]
[White "Garcia Guerrero, Isaac Antonio"]
[Black "Zhou, Ruoyu"]
[Result "1-0"]
[ECO "D55"]
[WhiteElo "2300"]
[BlackElo "2168"]
[Annotator "TA"]
[PlyCount "101"]
[EventDate "2024.03.06"]
[EventType "schev"]
[EventCountry "USA"]
[SourceTitle "playchess.com"]
[Source "ChessBase"]
[SourceQuality "1"]
[TimeControl "5400+30"]

1. d4 d5 2. c4 e6 3. Nc3 Be7 4. Nf3 Nf6 5. Bg5 h6 6. Bxf6 Bxf6 7. e3 O-O 8. Qd2 a6 9. Rc1 b6 10. cxd5 exd5 11. g3 {[%emt 0:00:06] White has an edge.} Bb7 12. Bg2 Re8 13. O-O Nd7 {[%emt 0:00:40][%cal Bb8d7,Bd7f8,Bf8e6,Be6c5][%mdl 32] Against Ne5} 14. Rfd1 Nf8 15. Ne5 c5 (15... Ne6 $14) 16. Ng4 $16 {[%emt 0:05:26] White is more active.} Ne6 17. Nxf6+ Qxf6 18. dxc5 (18. Bxd5 Bxd5 19. Nxd5 Qf3) 18... Nxc5 19. Nxd5 Bxd5 20. Bxd5 {[%emt 0:00:16][%cal Ob2b4] [#] aiming for b4!} Rad8 21. Qc2 Qe5 22. Bg2 a5 23. b3 Rxd1+ 24. Rxd1 Qf6 25. a3 Qe7 26. b4 axb4 27. axb4 Ne6 28. Qc4 {[%emt 0:00:17] Black is weak on the light squares} Rb8 29. Bd5 b5 (29... Rd8 $142 30. Rd3 Rd6) 30. Qe4 $18 Rd8 31. Rc1 Qf6 (31... Qd7 $16 32. Rd1 Kf8) 32. Bxe6 fxe6 {[%emt 0:00:30][%mdl 4096] Endgame. KQR-KQR} 33. Rc6 Qa1+ (33... Kf7 $142 34. Rc5 Rd2) 34. Kg2 e5 35. Rc7 Kh8 36. Re7 Rg8 37. Qxe5 Qa8+ 38. e4 Qd8 $2 (38... Qa4 39. Qd4 Qa8) 39. Re6 Qd2 40. Rd6 Qc1 41. Qxb5 Rf8 42. Qe5 Qe1 43. Rxh6+ Kg8 44. Qe6+ Rf7 45. Qe8+ Rf8 {[%emt 0:00:07] [#]} 46. Rh8+ $3 {[%emt 0:00:06][%mdl 512] White mates.} Kxh8 47. Qxf8+ Kh7 48. Qf5+ g6 49. Qd7+ Kh6 50. Qd4 g5 51. b5 {[%emt 0:01:15] Weighted Error Value: White=0.26 (precise) /Black=0.52.  Mistake:       	---       	Black=5      Inaccurate:     	White=2     	Black=4      OK:         	White=16    	Black=8      Best:        	White=3     	---} 1-0

[Event "1000GM Schev-G2 March 2024"]
[Site "Santa Clara"]
[Date "2024.03.11"]
[Round "5.1"]
[White "Tang, Dylan"]
[Black "Figueredo Losada, Leonel"]
[Result "1-0"]
[ECO "C76"]
[WhiteElo "2152"]
[BlackElo "2325"]
[Annotator "TA"]
[PlyCount "93"]
[EventDate "2024.03.06"]
[EventType "schev"]
[EventCountry "USA"]
[SourceTitle "playchess.com"]
[Source "ChessBase"]
[SourceQuality "1"]
[TimeControl "5400+30"]

1. e4 e5 2. Nf3 Nc6 3. Bb5 a6 4. Ba4 d6 5. O-O Bd7 6. c3 g6 7. d4 Bg7 8. d5 Nce7 9. c4 h6 10. Nc3 f5 11. Nd2 {[%emt 0:07:32] White is slightly better.} Nf6 12. Rb1 O-O 13. b4 Bc8 14. f3 f4 (14... c6 $11) 15. c5 $14 g5 16. Nc4 b5 (16... Ng6 $14) 17. cxb6 $16 cxb6 {[%emt 0:00:02] And now ...b5 would win.} 18. Bc6 (18. b5 $1 $16) 18... Nxc6 $11 19. dxc6 b5 20. Na5 Be6 21. Nd5 (21. Rb2 $11) 21... Bxd5 22. exd5 Qb6+ $1 23. Kh1 Qd4 $1 24. Bb2 (24. Qxd4 $2 exd4 25. g3 Nxd5 26. gxf4 Nxf4 $19 (26... Nc3 27. Rb2 $17)) 24... Qxd1 (24... Qxb4 $2 25. Nb7 $18) (24... Qxd5 $11 25. a4 bxa4) 25. Rfxd1 $14 (25. Rbxd1 Rfe8 26. g3 Bf8 $16) 25... Ne8 26. Rbc1 Kf7 27. Nb7 $36 {[%emt 0:02:23][%mdl 2048] White is pushing.} Ke7 28. Bc3 Bf6 29. Be1 Kf7 {[%emt 0:01:20] [#]} (29... h5 $14) 30. a4 $1 $16 bxa4 31. Bf2 (31. Ra1 $16 Be7 32. Rxa4) 31... Ke7 (31... Bd8 $14) 32. Rc2 g4 33. Ra2 {[%emt 0:00:46] White has more active pieces.} gxf3 (33... e4 $142) 34. gxf3 $18 Ng7 (34... e4 {was called for.}) 35. Rxa4 Nf5 36. Rc1 (36. Rda1 $18 Ne3 37. Bxe3 (37. Rxa6 Rxa6 38. Rxa6 Nxd5 $18) 37... fxe3 38. b5 (38. Rxa6 $2 Rxa6 39. Rb1 e2 $19) 38... axb5 39. Rxa8 Rxa8 40. Rxa8) 36... Rg8 37. Na5 {[%emt 0:01:59] Nc4 would now be deadly.} Bh4 38. Bxh4+ Nxh4 {[%emt 0:00:03] [#]} 39. Nc4 (39. c7 $1 $16 {Threatens to win with Nc4.} Kd7 40. Nc4 Kxc7 41. Ra5 (41. Nxe5+ Kb7 $18)) 39... Nxf3 $2 (39... Rg2 $1 $11 40. Ra3 (40. b5 $2 Re2 $19) 40... Rf2) 40. Nb6 Rab8 41. Rxa6 e4 42. c7 Rbc8 43. Nxc8+ Rxc8 44. b5 {[%emt 0:00:30][%cal Bb4b5,Bb5b6,Bb6b7][%mdl 32] White mates.} e3 45. b6 Kd7 46. b7 Rxc7 {[%emt 0:00:57] [#]} 47. Rxd6+ $3 {[%emt 0:00:07][%mdl 512] Weighted Error Value: White=0.25 (precise) /Black=0.54.  Loses game:     	---       	Black=1      Mistake:       	White=5     	Black=7      Inaccurate:     	White=3     	Black=3      OK:         	White=7     	Black=6      Best:        	White=3     	Black=3      Strong:       	---       	Black=2      Brilliant:      	White=1     	---} 1-0

[Event "1000GM Schev-G2 March 2024"]
[Site "Santa Clara"]
[Date "2024.03.11"]
[Round "5.2"]
[White "Alarcon Bahamondez, Roberto Ignacio"]
[Black "Pullela, Sricharan"]
[Result "1-0"]
[ECO "A65"]
[WhiteElo "2335"]
[BlackElo "2114"]
[Annotator "TA"]
[PlyCount "63"]
[EventDate "2024.03.06"]
[EventType "schev"]
[EventCountry "USA"]
[SourceTitle "playchess.com"]
[Source "ChessBase"]
[SourceQuality "1"]
[TimeControl "5400+30"]

1. d4 Nf6 2. c4 c5 3. d5 e6 4. Nc3 exd5 5. cxd5 d6 6. e4 g6 7. Nge2 Bg7 8. Ng3 O-O 9. Be2 h5 10. Bg5 a6 11. a4 Nbd7 {[%emt 0:00:54] White is slightly better.} 12. O-O Qe8 13. Qd2 Nh7 14. Bh6 h4 15. Bxg7 Kxg7 16. Nh1 {[%emt 0:00:08] White has more active pieces.} h3 17. g3 $16 Nhf6 18. f3 Ne5 (18... Qe5 $16 {was necessary.}) 19. Nf2 $18 Bd7 20. Rfe1 b5 21. f4 Neg4 22. Bxg4 (22. Nxh3 $6 b4 $14) 22... Nxg4 23. Nxg4 (23. Nxh3 Rh8 24. Qg2 Qb8 $17 (24... bxa4 25. e5 $15) (24... Nxh2 25. Qxh2 Rxh3 26. Qg2 $11)) 23... Bxg4 24. e5 dxe5 25. fxe5 b4 26. Ne4 (26. Nd1 $16) 26... Qxe5 $11 {[%emt 0:00:00] [#] Threatens to win with ...Rad8.} 27. Nxc5 Qf5 {[%emt 0:00:00][%mdl 8192] This move loses the game for Black.} (27... Qd6 $1 $11 {and Black is okay.} 28. Qd4+ f6) 28. Qd4+ $18 Kg8 {[%emt 0:00:00] Black is weak on the dark squares} 29. Ne4 (29. Qxb4 $2 {is the wrong capture.} Qc2 (29... Qxd5 30. Ne4 $17) 30. Qe4 Qxc5+ $19) 29... Bf3 $2 (29... f6 30. Rf1 (30. Qxb4 Qxd5 31. Qc5 Qxc5+ 32. Nxc5 Rab8 $17) 30... Bf3) 30. Nf6+ ({Inferior is} 30. Qxb4 Rae8 (30... Qxd5 $2 {perishes.} 31. Nf6+ Kg7 32. Nxd5 $18) 31. Nf2 Bxd5 $17) 30... Kh8 31. Rf1 {[%emt 0:03:36][%cal Og3g4] [#] Black must now prevent g4!} Rfd8 32. g4 {[%emt 0:01:31] Weighted Error Value: White=0.18 (very precise) /Black=0.82.  Loses game:     	---       	Black=1      Mistake:       	White=1     	Black=3      Inaccurate:     	White=3     	Black=2      OK:         	White=11    	Black=6      Best:        	White=3     	Black=2} 1-0

[Event "1000GM Schev-G2 March 2024"]
[Site "Santa Clara"]
[Date "2024.03.11"]
[Round "5.3"]
[White "Filgueiras, Nathan Felipe"]
[Black "Chiang, Jacob"]
[Result "0-1"]
[ECO "B67"]
[WhiteElo "2316"]
[BlackElo "2154"]
[Annotator "TA"]
[PlyCount "104"]
[EventDate "2024.03.06"]
[EventType "schev"]
[EventCountry "USA"]
[SourceTitle "playchess.com"]
[Source "ChessBase"]
[SourceQuality "1"]
[TimeControl "5400+30"]

1. e4 c5 2. Nf3 Nc6 3. d4 cxd4 4. Nxd4 Nf6 5. Nc3 d6 6. Bg5 e6 7. Qd2 a6 8. O-O-O Bd7 9. f3 Be7 10. h4 Nxd4 11. Qxd4 Qc7 12. Kb1 b5 13. Qd2 O-O (13... b4 $11 14. Ne2 Rc8) 14. Bd3 (14. e5 $1 $16 b4 15. Ne2 (15. exf6 bxc3 16. Qf4 e5 $16) 15... dxe5 16. Bxf6 gxf6 17. Qxd7) 14... b4 $11 15. Ne2 a5 16. g4 Rab8 (16... Rfc8 $11) 17. Rc1 (17. h5 $14 {should be considered.}) 17... Bc6 18. Nd4 Ba8 (18... a4 $1 $11) 19. h5 Rfc8 20. Be3 Nd7 21. g5 a4 22. g6 Nc5 $2 (22... a3 $1 $14) 23. gxf7+ $18 Kxf7 24. Bc4 a3 (24... d5 $142 25. exd5 Bxd5) 25. b3 (25. Nb5 Qd7 26. Rhg1 (26. Qxb4 $2 Bc6 $19) 26... axb2 $14 (26... Rxb5 27. Bd4 $16)) 25... Bf6 26. Bg5 (26. Nb5 Rxb5 27. Bxb5 Bxe4 $11) 26... Be5 (26... Bxg5 $16 27. Qxg5 Qe7 28. Nxe6 Nxe6 29. Qf5+ Ke8 30. Qxe6 (30. Bxe6 Rc5 $16) 30... Qxe6 31. Bxe6 Rc3) 27. h6 $18 g6 28. Rhf1 d5 29. exd5 ({Better is} 29. Nxe6 $18 Nxe6 30. exd5 Nxg5 31. d6+ Qxc4 32. bxc4) 29... exd5 {[%emt 0:02:12] [#]} (29... Bxd5 $16 {was called for.} 30. Nb5 Qd7) 30. f4 $2 (30. Nb5 Qd7 31. Qe3 (31. f4 $2 Bb2 $19) 31... Bh8 $11) (30. Bb5 $1 $18) 30... dxc4 (30... Ne4 {is interesting.} 31. Qe3 dxc4 32. fxe5+ Kg8) 31. fxe5+ Kg8 32. Qe3 (32. bxc4 $2 Ne4 (32... Qxe5 $2 33. Bf4 $18) 33. Qd3 Nxg5 $19) 32... Ne4 $1 33. Bf4 (33. e6 cxb3 34. Nxb3 (34. cxb3 $2 Qh2 $19) 34... Qe5 $17) 33... Nc3+ 34. Ka1 Nd5 $1 (34... cxb3 $2 35. cxb3 Rb7 36. e6 $18) 35. Qg3 Nxf4 (35... cxb3 $11 {remains equal.} 36. cxb3 Qa7) 36. Qxf4 ({White should try} 36. Rxf4 $16 {e6 is the strong threat.} Qc5 (36... Qxe5 $2 37. Rf8+ Rxf8 38. Qxe5 $18) (36... cxb3 $2 37. axb3 Qc5 38. e6 $16) 37. e6) 36... Bd5 (36... Bg2 $11 37. Rfe1 cxb3 38. cxb3 Qf7) 37. e6 $2 (37. Qe3 $1 $14 {stays ahead.}) 37... cxb3 $17 38. Qf7+ (38. cxb3 Qxf4 39. Ne2 Qe5+ (39... Qxh6 40. Rcd1 Qe3 41. Rfe1 Qe5+ 42. Rd4) (39... Qxh6 40. Rcd1 Qe3 41. Rfe1 Qe5+ 42. Rd4)) 38... Qxf7 39. exf7+ Bxf7 40. axb3 Rb7 41. Rce1 Rd7 42. Rf4 $1 Rc3 43. Ref1 Rc5 44. Kb1 {[%emt 0:06:09] [#]} (44. Nf3 $1 $11) 44... g5 $1 $17 45. Rf5 $2 (45. Rg4 $17) 45... Rxf5 $19 46. Nxf5 Bg6 47. Ne3 Rd2 48. Kc1 $2 (48. Nf5 Rd7 49. Ne3) 48... Re2 $19 49. Nd5 Bxc2 (49... Rxc2+ $2 50. Kd1 $18) 50. Nf6+ Kf7 ({Don't go for} 50... Kh8 $2 51. Nd7 Re8 (51... Bxb3 52. Rf8+ Bg8 53. Nf6 Re1+ 54. Kd2) 52. Kxc2 Rc8+ 53. Kb1 $18) 51. Ne4+ Ke7 ({But not} 51... Kg6 $2 52. Rf6+ Kh5 53. Ng3+ Kh4 54. Nxe2 $18) 52. Nc5 Bg6 0-1

[Event "1000GM Schev-G2 March 2024"]
[Site "Santa Clara"]
[Date "2024.03.10"]
[Round "5.4"]
[White "Iinuma, Paul Y"]
[Black "Garcia Guerrero, Isaac Antonio"]
[Result "1/2-1/2"]
[ECO "B45"]
[WhiteElo "2141"]
[BlackElo "2300"]
[Annotator "TA"]
[PlyCount "41"]
[EventDate "2024.03.06"]
[EventType "schev"]
[EventCountry "USA"]
[SourceTitle "playchess.com"]
[Source "ChessBase"]
[SourceQuality "1"]
[TimeControl "5400+30"]

1. e4 c5 2. Nf3 e6 3. d4 cxd4 4. Nxd4 Nf6 5. Nc3 Nc6 6. Nxc6 bxc6 7. e5 Nd5 8. Ne4 Qc7 9. f4 Qb6 10. c4 Bb4+ 11. Ke2 f5 12. Nf2 Ba6 13. Kf3 Ne7 14. Be3 Bc5 $1 15. Bxc5 Qxc5 16. Qd6 Qb6 17. Be2 c5 ({Much weaker is} 17... Qxb2 18. Nd3 Qb8 (18... Bxc4 $2 {is the wrong capture.} 19. Nxb2 Bd5+ 20. Kf2 $18) 19. Qd4 $16) 18. Rhd1 Rd8 19. Qxb6 axb6 20. h4 Nc6 {[%emt 0:01:30] aiming for ...Nd4+.} 21. Rac1 {[%emt 0:10:56] Weighted Error Value: White=0.09 (flawless) /Black=0.11 (very precise) .  Inaccurate:     	White=1     	Black=1      OK:         	White=2     	Black=2} 1/2-1/2

[Event "1000GM Schev-G2 March 2024"]
[Site "Santa Clara"]
[Date "2024.03.11"]
[Round "5.5"]
[White "Zhou, Ruoyu"]
[Black "Stopa, Jacek"]
[Result "1/2-1/2"]
[ECO "B32"]
[WhiteElo "2168"]
[BlackElo "2335"]
[Annotator "TA"]
[PlyCount "39"]
[EventDate "2024.03.06"]
[EventType "schev"]
[EventCountry "USA"]
[SourceTitle "playchess.com"]
[Source "ChessBase"]
[SourceQuality "1"]
[TimeControl "5400+30"]

1. e4 c5 2. Nf3 Nc6 3. d4 cxd4 4. Nxd4 e5 5. Nb5 a6 6. Nd6+ Bxd6 7. Qxd6 Qf6 8. Qd1 Qg6 9. Nc3 Nf6 10. Qd6 {[%emt 0:16:42] Black must now prevent Be3.} b5 (10... Ng4 $14 11. Qxg6 hxg6) 11. Be3 b4 {[%emt 0:04:31] [#]} 12. Nd5 {[%emt 0:02:21] White has more active pieces. The black rooks are passive.} Nxd5 {[%emt 0:00:07] White is better.} 13. Qxd5 O-O 14. O-O-O a5 15. Bc4 (15. f3 $16) 15... a4 (15... Ba6 $1 $14) 16. Bc5 $16 Re8 17. Bxb4 {[%emt 0:05:42] A strong pair of Bishops.} (17. h4 $16) 17... Ba6 $1 $11 18. Bc5 {[%emt 0:02:29] And now Bxa6 would win.} ({Don't go for} 18. Bxa6 $2 Nxb4 19. Qd2 Nxa6 $19 (19... Nxa2+ $2 20. Kb1 $19)) 18... Bxc4 19. Qxc4 Qxg2 20. Qd3 {[%emt 0:04:15] Weighted Error Value: White=0.25 (precise) /Black=0.17 (very precise) .  Mistake:       	White=2     	Black=1      OK:         	White=5     	Black=7      Strong:       	---       	Black=1} 1/2-1/2